 Dungeon Crawl Stone Soup version 0.27-a0-1529-g1e82c303ef (webtiles) character file.

Game seed: 15405396065812109122

2 blackman the Covered (level 1, 0/18 HPs)
             Began as a Human Wanderer on July 11, 2021.
             Slain by a jackal (3 damage)
             ... on level 1 of the Dungeon.
             The game lasted 00:00:42 (56 turns).

blackman the Covered (Human Wanderer)                 Turns: 56, Time: 00:00:42

Health: 0/18       AC:  2    Str: 13    XL:     1   Next: 44%
Magic:  1/1        EV: 11    Int: 13    God:
Gold:   10         SH:  0    Dex: 10    Spells: 0/0 levels left

rFire    . . .     SeeInvis .   a - +2 spear
rCold    . . .     Faith    .   (no shield)
rNeg     . . .     Spirit   .   b - +0 robe
rPois    .         Reflect  .   (no helmet)
rElec    .         Harm     .   (no cloak)
rCorr    .         Rampage  .   (no gloves)
Will     .....                  (no boots)
Stlth    +.........             (no amulet)
HPRegen  0.06/turn              (no ring)
MPRegen  0.07/turn              (no ring)

@: no status effects
A: no striking features
a: no special abilities


You were on level 1 of the Dungeon.
You visited 1 branch of the dungeon, and saw 1 of its levels.

You collected 10 gold pieces.

Inventory:

Hand Weapons
 a - a +2 spear (weapon)
Armour
 b - a +0 robe (worn)
Scrolls
 c - a scroll of magic mapping {unknown}


   Skills:
 - Level 3.0 Fighting
 * Level 0.8 Axes
 - Level 5.0 Armour
 - Level 1.0 Shields
 - Level 1.0 Evocations


You couldn't memorise any spells.
You didn't know any spells.
Your spell library contained the following spells:

 Spells                   Type           Power      Damage    Failure   Level
 Summon Small Mammal      Summ           0%         N/A       30%         1
 Call Canine Familiar     Summ           0%         N/A       67%         3


Dungeon Overview and Level Annotations

Branches:
Dungeon (1/15)

Altars:


Message History

A frilled lizard comes into view.
The frilled lizard hisses angrily.
The jackal barely misses you. The jackal bites you.
There is a stone staircase leading down, spattered with blood here.
The jackal bites you but does no damage.
Reach: a) +2 spear
Press: ? - help, Dir - move target, f - jackal
Aim: a jackal (lightly wounded, about 45% to evade your +2 spear)
You closely miss the jackal.
The jackal is lightly wounded.
The jackal bites you.
* * * LOW HITPOINT WARNING * * *
Reach: a) +2 spear
Press: ? - help, Dir - move target, f/p - jackal
Aim: a jackal (lightly wounded, about 45% to evade your +2 spear)
You closely miss the jackal.
The jackal is lightly wounded.
The jackal bites you but does no damage.
The jackal bites you.
* * * LOW HITPOINT WARNING * * *
Reach: a) +2 spear
Press: ? - help, Dir - move target, f/p - jackal
Aim: a jackal (about 45% to evade your +2 spear)
You barely miss the jackal.
The jackal bites you but does no damage.
Reach: a) +2 spear
Press: ? - help, Dir - move target, f/p - jackal
Aim: a jackal (about 45% to evade your +2 spear)
You hit the jackal.
The jackal is severely wounded.
The jackal barely misses you.
A quokka comes into view.
The jackal bites you but does no damage.
Reach: a) +2 spear
Press: ? - help, Dir - move target, f/p - jackal
Aim: a jackal (severely wounded, about 45% to evade your +2 spear)
You barely miss the jackal.
The jackal is severely wounded.
The jackal bites you.
You die...

##..#### ..
##....# .#
##.#.#..# #
###.#.# .### #...#
?....
#.#.######...###
##.###...........
##..##hl..(r......
#.###@#..........)
#..##.######...###
##.##.# .....
#.##.# ...#.#
###.####.##.#
.).##
.........##.# ..##
............#
##.##########


You could see a quokka (wandering), a jackal and a frilled lizard.

Vanquished Creatures
  An endoplasm (D:1)
  A hobgoblin (D:1)
2 creatures vanquished.

Notes
Turn   | Place    | Note
-------+----------+-------------------------------------------
     0 | D:1      | blackman the Human Wanderer began the quest for the Orb.
     0 | D:1      | blackman set off with the following items: a +2 spear, a +0
                  | robe; and the following spells available to memorise:
                  | Summon Small Mammal, Call Canine Familiar
     0 | D:1      | Reached XP level 1. HP: 18/18 MP: 1/1
    56 | D:1      | Slain by a jackal

Illustrated notes

Levels and vault maps discovered:
D:1:      lemuel_arrival_tunnels, layout_loops_cross, serial_shops, shop,
          nicolae_shop_crystal

Action                   || total
-------------------------++-------
Melee: Spear             ||    10
 Stab: Sleeping          ||     1
Armor: Robe              ||     4
Dodge: Dodged            ||     3

Table legend: (Time is in decaauts)
 A = Elapsed time spent in this place.
 B = Non-inter-level travel time spent in this place.
 C = Inter-level travel time spent in this place.
 D = Time resting spent in this place.
 E = Time spent auto-exploring this place.
 F = Levels seen in this place.
 G = Mean time per level.
                   A        B        C        D        E       F      G
               +--------+--------+--------+--------+--------+-----+--------+
         Total |     56 |     54 |      2 |      0 |     33 |   1 |   56.0 |
       Dungeon |     56 |     54 |      2 |      0 |     33 |   1 |   56.0 |
               +--------+--------+--------+--------+--------+-----+--------+

Top non-repeatable levels by time:
     D:1: 56 daAuts
